 Dungeon Crawl Stone Soup version 0.28.0 (webtiles) character file.

Game seed: 1504768493994400652

191370 HallandMoats the Protected (level 18, -19/160 HPs)
             Began as a Ghoul Monk on Feb 8, 2022.
             Was a High Priest of Okawaru.
             Killed by an exploding bloated husk (33 damage)
             ... on level 4 of the Swamp.
             The game lasted 00:49:07 (37064 turns).

HallandMoats the Protected (Ghoul Monk)            Turns: 37064, Time: 00:49:07

Health: -19/160    AC: 47    Str: 19    XL:     18   Next: 64%
Magic:  21/25      EV: 10    Int:  8    God:    Okawaru [*****.]
Gold:   2455       SH:  0    Dex: 15    Spells: 17/17 levels left

rFire   . . .      SeeInvis .   o - +7 pair of quick blades "Gyre" and "Gimble" {protect}
rCold   + . .      Faith    .   (shield currently unavailable)
rNeg    + + +      Spirit   .   S - +8 orange crystal plate armour {Archmagi, Int+3 Clar}
rPois   ∞          Reflect  .   F - +2 helmet
rElec   .          Harm     .   Q - +0 cloak
rCorr   .          Rampage  .   (no gloves)
Will    +....      Archmagi +   d - +1 pair of boots {Stlth+}
Stlth   +......... Clarity  +   (no amulet)
HPRegen 0.00/turn               f - +4 ring of protection
MPRegen 0.19/turn               K - ring of flight

@: heroic, finesse-ful, flying, inhibited regen, slowed, very slow
A: claws 1, cold resistance 1, negative energy resistance 3, inhibited
regeneration, torment resistance 2
a: Renounce Religion, Heroism, Finesse, Duel


You were on level 4 of the Swamp.
You worshipped Okawaru.
Okawaru was extremely pleased with you.
You visited 6 branches of the dungeon, and saw 30 of its levels.
You also visited: Volcano.

You collected 3154 gold pieces.
You spent 699 gold pieces at shops.

Inventory:

Hand Weapons
 o - the +7 pair of quick blades "Gyre" and "Gimble" (weapon) {protect}
   (You found it on level 3 of the Dungeon)

   It grants its wielder temporary protection when it strikes (+7 to AC).
 R - the +8 quick blade "Joutydo" {vorpal, rElec Will+}
   (Okawaru gifted it to you on level 14 of the Dungeon)

   It inflicts extra damage upon your enemies.
   rElec:     It insulates you from electricity.
   Will:      It increases your willpower.
Missiles
 L - 3 throwing nets (quivered)
Armour
 d - a +1 pair of boots of stealth (worn)
 g - +3 acid dragon scales
 n - a +0 kite shield of reflection
 E - the +8 crystal plate armour of Untold Secrets {Slay+3}
   (Okawaru gifted it to you on level 2 of the Orcish Mines)

   Slay:      It affects your accuracy & damage with ranged weapons and melee
   (+3).
 F - a +2 helmet (worn)
 Q - a +0 cloak (worn)
 S - the +8 orange crystal plate armour (worn) {Archmagi, Int+3 Clar}
   (You took it off a vault guard on level 14 of the Dungeon)

   Int:       It affects your intelligence (+3).
   Clar:      It protects you against confusion.
Jewellery
 e - a +4 ring of protection
 f - a +4 ring of protection (left claw)
 l - a ring of ice
 q - a ring of wizardry
 t - a ring of resist corrosion
 u - a ring of protection from cold
 w - the ring "Waihol" {rC+ Int+4 Dex+2}
   (You found it on level 4 of the Swamp)

   [ring of protection from cold]

   Int:       It affects your intelligence (+4).
   Dex:       It affects your dexterity (+2).
   rC:        It protects you from cold.
 H - a ring of protection from cold
 K - a ring of flight (right claw)
Wands
 v - a wand of iceblast (13)
 A - a wand of acid (18)
 D - a wand of digging (8)
Scrolls
 a - a scroll of enchant armour
 c - 14 scrolls of teleportation
 h - 5 scrolls of amnesia
 j - 2 scrolls of magic mapping
 s - a scroll of torment
 B - 5 scrolls of enchant weapon
 M - a scroll of fog
Potions
 b - 4 potions of haste
 i - 3 potions of brilliance
 k - 3 potions of might
 m - 14 potions of curing
 p - 2 potions of resistance
 z - 2 potions of cancellation
 I - 3 potions of magic
 O - 2 potions of ambrosia
 P - a potion of flight
 U - 2 potions of invisibility


   Skills:
 + Level 14.1(19.1) Fighting
 - Level 12.8(17.8) Short Blades
 * Level 14.9(19.9) Armour
 - Level 12.2(17.2) Dodging
 - Level 14.6(19.6) Stealth
 + Level 3.4(8.4) Shields
 - Level 4.2(9.2) Unarmed Combat
 + Level 11.8 Invocations


You had 17 spell levels left.
You didn't know any spells.
Your spell library contained the following spells:

 Spells                   Type           Power      Damage    Failure   Level
 Apportation              Tloc           0%         N/A       100%        1
 Sting                    Tmut/Pois      0%         1d3       100%        1
 Blink                    Tloc           0%         N/A       100%        2
 Ensorcelled Hibernation  Hex/Ice        0%         N/A       100%        2
 Poisonous Vapours        Pois/Air       0%         N/A       100%        2
 Confusing Touch          Hex            0%         N/A       100%        3
 Dazzling Flash           Conj/Hex       0%         N/A       100%        3
 Gell's Gravitas          Tloc           0%         N/A       100%        3
 Teleport Other           Tloc           0%         N/A       100%        3
 Anguish                  Hex/Necr       0%         N/A       100%        4
 Olgreb's Toxic Radiance  Pois           0%         N/A       100%        4
 Petrify                  Tmut/Erth      0%         N/A       100%        4
 Agony                    Necr           0%         N/A       100%        5
 Alistair's Intoxication  Tmut/Pois      0%         N/A       100%        5
 Manifold Assault         Tloc           0%         N/A       100%        5
 Silence                  Hex/Air        0%         N/A       100%        5
 Yara's Violent Unravell  Hex/Tmut       0%         3d3       100%        5
 Dispersal                Tloc           0%         N/A       100%        6
 Enfeeble                 Hex            0%         N/A       100%        7
 Orb of Destruction       Conj           0%         9d5       100%        7
 Beastly Appendage        Tmut           Unusable   N/A       N/A         1
 Spider Form              Tmut/Pois      Unusable   N/A       N/A         3
 Summon Guardian Golem    Hex/Summ       Unusable   N/A       N/A         3
 Tukima's Dance           Hex            Unusable   N/A       N/A         3
 Statue Form              Tmut/Erth      Unusable   N/A       N/A         6
 Spellforged Servitor     Conj/Summ      Unusable   N/A       N/A         7
 Storm Form               Tmut/Air       Unusable   N/A       N/A         7
 Necromutation            Tmut/Necr      Unusable   N/A       N/A         8

Dungeon Overview and Level Annotations

Branches:
Dungeon (15/15)            Temple (1/1) D:6            Lair (6/6) D:8
  Swamp (4/4) Lair:4        Snake (2/4) Lair:2        Slime (0/5) Lair:5
    Orc (2/2) D:9             Elf (0/3) Orc:2        Vaults (0/5) D:14
 Depths (0/4) D:15        Volcano (visited)

Altars:
Ashenzari
Cheibriados
Dithmenos
Elyvilon
Fedhas
Gozag
Hepliaklqana
Kikubaaqudgha
Makhleb
Nemelex Xobeh
Okawaru
Qazlal
Ru
Sif Muna
Trog
Uskayaw
Vehumet
Xom
Yredelemnul
Zin
The Shining One
Lugonu

Shops:
D:7 *   D:8 *   Orc:1 (   Orc:2 !(!(

Portals:
Hell: Lair:6
Abyss: Swamp:1

Annotations:
D:9 3 runed translucent doors, crazypyro's ghost, novice GrEE
Swamp:4 exclusion: oklob plant, Zenkrye's ghost, adept HOFi; ooooo's ghost, adept OpCj


Innate Abilities, Weirdness & Mutations

You thrive by killing the living.
You are immune to poison.
You have sharp fingernails.
Your flesh is cold resistant. (rC+)
You are immune to negative energy. (rN+++)
You do not regenerate when monsters are visible.
You are immune to unholy pain and torment.


Message History

You feel much better. Zenkrye's ghost hits you!!
* * * LOW HITPOINT WARNING * * *
Ooooo's ghost hits you but does no damage.
Zenkrye's ghost hits you but does no damage.
You feel much better.
Ooooo's ghost hits you but does no damage.
Zenkrye's ghost hits you!
* * * LOW HITPOINT WARNING * * *
You are electrocuted!
* * * LOW HITPOINT WARNING * * *
Ooooo's ghost takes aim.
Ooooo's ghost hits you but does no damage.
Blink to where?
Press: ? - help, Dir - move target
As you read the scroll of blinking, it crumbles to dust.
Your surroundings suddenly seem different.
A ghost crab, 4 bloated husks, 7 phantoms and 2 phantasmal warriors come into view.
Found 15 stones.
The bloated husk explodes!
The blast of putrescent gases engulfs the bloated husk!!!
The blast of putrescent gases engulfs you!
* * * LOW HITPOINT WARNING * * *
The blast of putrescent gases engulfs the phantom!!
The phantom is destroyed!
The blast of putrescent gases engulfs the ghost crab!!
The blast of putrescent gases engulfs the phantom!!!
The phantom is destroyed!
The blast of putrescent gases engulfs the bloated husk!!
The blast of putrescent gases engulfs the phantom!!!
The phantom is destroyed!
The bloated husk explodes!
The blast of putrescent gases engulfs the ghost crab!!
The ghost crab is destroyed!
The blast of putrescent gases engulfs you but does no damage.
The blast of putrescent gases engulfs the phantom!!
The phantom is destroyed!
The blast of putrescent gases engulfs the phantom!!
The blast of putrescent gases engulfs the phantasmal warrior!!!
The bloated husk explodes!
The blast of putrescent gases engulfs you!!
You die...

♣♣♣♣♣♣.≈......
♣≈≈≈......≈≈♣♣
#≈≈≈≈≈..≈≈≈≈♣
##≈≈≈≈≈≈≈≈≈♣♣
###≈≈≈≈≈#♣♣
##≈≈..# ######
###...# #....##
#○○..## #.@..(#
#○...#
#......n##...##
#....WW###..≈#
#.....W.##.°○##
#.W..W####.○##
##...####...#


ZZ. #.≈§###≈.°## Z.. ..≈≈##..≈## Z..# #≈.# #..## Z...# You could see 2
phantasmal warriors, 3 phantoms and a bloated husk.

Vanquished Creatures
  Jorgrun (D:14)
  Mlioglotl (Snake:1)
  Kirke (Lair:6)
  Gastronok (Lair:2)
  A thorn hunter (Swamp:2)
  Roxanne (Swamp:2)
  2 fenstrider witches (Swamp:4)
  2 tengu reavers (D:14)
  An eleionoma (Swamp:3)
  A red draconian (Volcano)
  A bunyip (Swamp:3)
  Snorg (D:14)
  3 ettins
  Josephine (Orc:2)
  A rakshasa (D:15)
  8 vault guards (D:14)
  Erolcha (D:12)
  Fannar (Orc:1)
  2 naga warriors (Snake:1)
  15 hydras
  A boulder beetle (Lair:6)
  2 death knights
  2 anacondas (Snake:1)
  Harold (Lair:1)
  5 ogre magi
  25 two-headed ogres
  3 centaur warriors
  A catoblepas (Lair:2)
  A ghost crab (Swamp:4)
  9 alligators
  6 death yaks
  4 naga sharpshooters (Snake:1)
  2 tengu warriors
  A sun demon (Lair:6)
  A spriggan berserker (Swamp:2)
  A death drake (Swamp:4)
  A salamander mystic (Snake:1)
  3 sea snakes (Snake:1)
  5 goliath frogs
  3 deep trolls
  A flayed ghost (D:14)
  7 spriggan druids
  A naga ritualist (Snake:1)
  2 wizards
  A spectral hydra (Swamp:4)
  2 swamp dragons
  7 bog bodies
  2 deep elf pyromancers (D:15)
  A necromancer (D:15)
  A phantasmal warrior (D:14)
  A lindwurm (Lair:6)
  3 mana vipers (Snake:1)
  3 manticores
  2 orc knights
  4 cyclopes
  19 ugly things (D:14)
  4 orc sorcerers
  4 salamanders (Snake:1)
  5 will-o-the-wisps
  10 black mambas
  15 elephants
  4 naga magi (Snake:1)
  7 cane toads
  Maggie (D:6)
  2 gargoyles
  3 orange demons (Lair:6)
  5 rime drakes
  3 swamp worm zombies (Swamp:4)
  An unseen horror (D:11)
  An efreet (D:14)
  7 komodo dragons
  A hellwing (Lair:6)
  3 ice devils (Lair:6)
  2 kobold demonologists
  2 bloated husks (Swamp:3)
  3 tyrant leeches
  13 trolls
  4 hydra zombies (Swamp:4)
  A polar bear (Lair:4)
  6 hornets
  Prince Ribbit (D:5)
  18 blink frogs
  6 alligator zombies (Swamp:4)
  A spectral swamp dragon (Swamp:4)
  2 shadows
  4 spriggans
  6 wyverns
  4 hogs (Lair:6)
  3 vampires
  7 wraiths
  A human (Lair:6)
  35 yaks
  3 basilisks
  5 vampire mosquitoes
  2 steam dragons
  12 swamp worms
  4 wargs
  10 nagas (Snake:1)
  6 acid dragons
  3 hell hounds (Lair:6)
  Duvessa (D:5)
  22 water moccasins
  A swamp drake (Swamp:4)
  9 orc warriors
  8 black bears (Lair:3)
  2 swamp dragon zombies (Swamp:4)
  3 ice beasts
  23 ogres
  2 necrophages
  2 wolves
  5 centaurs
  Blork the orc (D:4)
  A kobold brigand (D:9)
  9 bullfrogs
  3 gnoll sergeants
  2 earth elementals (Swamp:3)
  4 water moccasin zombies
  Dowan (D:5)
  6 killer bees
  4 wights (D:8)
  11 electric eels
  A crimson imp (D:7)
  4 howler monkeys
  3 bullfrog zombies
  A centaur zombie (D:5)
  3 hounds
  2 jellies
  8 orc priests
  A bullfrog skeleton (D:5)
  2 iguanas (D:5)
  17 orc wizards
  4 hell rats (Lair:4)
  2 howler monkey zombies
  15 gnolls
  14 adders
  A shadow imp (D:8)
  A white imp (D:7)
  An adder skeleton (D:4)
  2 worms
  3 dart slugs
  43 orcs
  8 ball pythons
  6 bats
  9 endoplasms
  2 giant cockroaches
  9 goblins
  7 hobgoblins
  7 jackals
  3 quokkas (D:3)
  2 frilled lizards
  10 kobolds
  2 rats (D:1)
  2 briar patches (Swamp:2)
735 creatures vanquished.

Vanquished Creatures (others)
  A ghost crab (Swamp:4)
  7 bloated husks
  2 swamp worms
  4 phantoms (Swamp:4)
  An earth elemental (Swamp:3)
  2 orcs (Orc:1)
  28 foxfires
  16 fungi
  2 lurking horrors (Swamp:1)
  67 plants
130 creatures vanquished.

Grand Total: 865 creatures vanquished

Notes
Turn   | Place    | Note
-------+----------+-------------------------------------------
     0 | D:1      | HallandMoats the Ghoul Monk began the quest for the Orb.
     0 | D:1      | Reached XP level 1. HP: 19/19 MP: 0/0
   415 | D:1      | Reached XP level 2. HP: 22/26 MP: 1/1
   995 | D:2      | Found a faded altar of an unknown god.
  1021 | D:2      | Reached XP level 3. HP: 31/31 MP: 2/2
  1026 | D:2      | Reached skill level 1 in Armour
  1062 | D:2      | Reached XP level 4. HP: 36/40 MP: 3/3
  1782 | D:3      | Found the +7 pair of quick blades "Gyre" and "Gimble"
                  | {protect}
  1936 | D:3      | Reached XP level 5. HP: 46/46 MP: 4/4
  2729 | D:4      | Noticed Blork the orc
  2738 | D:4      | Killed Blork the orc
  2739 | D:4      | Reached skill level 1 in Short Blades
  2739 | D:4      | Reached XP level 6. HP: 14/53 MP: 5/5
  3223 | D:5      | Entered Level 5 of the Dungeon
  3274 | D:5      | Reached XP level 7. HP: 40/60 MP: 6/6
  3410 | D:5      | Reached skill level 5 in Fighting
  3434 | D:5      | Noticed Duvessa
  3438 | D:5      | Noticed Dowan
  3448 | D:5      | Killed Duvessa
  3449 | D:5      | Reached XP level 8. HP: 55/68 MP: 7/7
  3450 | D:5      | Killed Dowan
  3451 | D:5      | Reached skill level 5 in Stealth
  3532 | D:5      | Noticed Prince Ribbit
  3538 | D:5      | Killed Prince Ribbit
  3808 | D:5      | Found a sparkling altar of Nemelex Xobeh.
  3940 | D:6      | Reached XP level 9. HP: 75/75 MP: 8/8
  3960 | D:6      | Reached skill level 5 in Dodging
  4044 | D:6      | Reached skill level 5 in Short Blades
  4064 | D:6      | Noticed Maggie
  4088 | D:6      | Killed Maggie
  4452 | D:6      | Found a staircase to the Ecumenical Temple.
  4458 | Temple   | Entered the Ecumenical Temple
  4683 | Temple   | Became a worshipper of Warmaster Okawaru
  4683 | Temple   | Reached * piety under Okawaru
  4683 | Temple   | Reached ** piety under Okawaru
  5099 | D:7      | Found Wypha's Assorted Antiques.
  5108 | D:7      | Bought a blue potion for 23 gold pieces
  5108 | D:7      | Bought a scroll labelled EKHAEC DABREA for 26 gold pieces
  5108 | D:7      | Bought a red potion for 23 gold pieces
  5630 | D:7      | Identified the +1 leather armour of Altruism {Str-2 Dex+3
                  | Stlth+}
  5692 | D:8      | Reached XP level 10. HP: 78/84 MP: 6/9
  5797 | D:8      | Found a staircase to the Lair.
  5804 | D:8      | Reached *** piety under Okawaru
  5992 | D:8      | Found Gyuhiaf's General Store.
  5998 | D:8      | Bought a potion of heal wounds for 55 gold pieces
  6230 | D:9      | Found a staircase to the Orcish Mines.
  6235 | D:9      | Noticed a two-headed ogre
  6245 | D:9      | Reached skill level 5 in Armour
  6278 | D:8      | Killed a two-headed ogre
  6708 | D:9      | Reached **** piety under Okawaru
  6793 | D:9      | Found a runed translucent gate.
  6801 | D:9      | Noticed an 11-headed hydra
  6803 | D:9      | Found a runed translucent gate.
  6804 | D:9      | Found a runed translucent gate.
  6804 | D:9      | Noticed crazypyro's ghost (novice GrEE)
  6805 | D:9      | Noticed a ten-headed hydra
  6880 | D:9      | Paralysed by an orc warrior for 6 turns
  7128 | D:10     | Entered Level 10 of the Dungeon
  7727 | D:10     | Reached skill level 10 in Stealth
  8446 | D:11     | Killed an unseen horror
  8447 | D:11     | Reached XP level 11. HP: 88/94 MP: 10/10
  8460 | D:11     | Noticed a sea snake
  8471 | D:11     | Noticed a two-headed ogre
  8484 | D:11     | Killed a two-headed ogre
  8796 | D:11     | Reached ***** piety under Okawaru
  9109 | D:11     | Noticed a two-headed ogre
  9117 | D:11     | Killed a two-headed ogre
  9457 | D:12     | Noticed a manticore
  9469 | D:12     | Killed a manticore
  9469 | D:12     | Received a gift from Okawaru
  9770 | D:12     | Noticed Erolcha
  9804 | D:12     | Killed Erolcha
 10293 | D:13     | Noticed a cyclops
 10295 | D:13     | Killed a cyclops
 10297 | D:13     | Noticed a centaur warrior
 10310 | D:13     | Killed a centaur warrior
 10505 | D:13     | Received a gift from Okawaru
 10506 | D:13     | Reached XP level 12. HP: 103/103 MP: 11/11
 10575 | D:13     | Noticed a seven-headed hydra
 10575 | D:13     | Noticed a four-headed hydra
 10583 | D:13     | Killed a seven-headed hydra
 10591 | D:13     | Killed a four-headed hydra
 11040 | D:14     | Noticed Snorg
 11043 | D:14     | Killed Snorg
 11291 | D:14     | Identified the +0 chain mail "Nufaudith" {Dex+2 SInv}
                  | (Okawaru gifted it to you on level 14 of the Dungeon)
 11291 | D:14     | Received a gift from Okawaru
 11510 | D:14     | Noticed Jorgrun
 11544 | D:14     | Killed Jorgrun
 11545 | D:14     | Reached skill level 10 in Short Blades
 11974 | D:14     | Noticed a vault guard
 11974 | D:14     | Noticed a vault guard
 11975 | D:14     | Noticed a vault guard
 11975 | D:14     | Noticed a vault guard
 11975 | D:14     | Noticed a tengu reaver
 11976 | D:14     | Noticed a vault guard
 11976 | D:14     | Noticed a vault guard
 11976 | D:14     | Noticed a vault guard
 11976 | D:14     | Noticed a vault guard
 11976 | D:14     | Found the +5 sword of Power {vorpal}
 12011 | D:14     | Killed a vault guard
 12035 | D:14     | Killed a vault guard
 12049 | D:14     | Killed a vault guard
 12050 | D:14     | Reached XP level 13. HP: 77/113 MP: 12/12
 12545 | D:14     | Killed a vault guard
 12895 | D:14     | Killed a vault guard
 13019 | D:14     | Noticed a tengu reaver
 13037 | D:14     | Killed a tengu reaver
 13038 | D:14     | Reached skill level 10 in Fighting
 13148 | D:14     | Noticed an ettin
 13161 | D:14     | Killed an ettin
 13337 | D:14     | Killed a vault guard
 13362 | D:14     | Killed a vault guard
 14119 | D:14     | Reached ****** piety under Okawaru
 14119 | D:14     | Identified the +8 quick blade "Joutydo" {vorpal, rElec
                  | Will+} (Okawaru gifted it to you on level 14 of the
                  | Dungeon)
 14119 | D:14     | Received a gift from Okawaru
 14178 | D:14     | Killed a tengu reaver
 14821 | D:14     | Killed a vault guard
 15123 | D:14     | Reached skill level 1 in Invocations
 15164 | D:14     | Found a gate to the Vaults.
 15402 | D:15     | Entered Level 15 of the Dungeon
 15405 | D:15     | Found a staircase to the Depths.
 15405 | D:15     | Noticed an ettin
 15454 | D:15     | Reached XP level 14. HP: 59/122 MP: 12/14
 16670 | D:15     | Received a gift from Okawaru
 17071 | D:15     | Reached skill level 10 in Dodging
 17071 | D:15     | Reached skill level 5 in Invocations
 17141 | D:15     | Identified the +7 arbalest "Elimamun" {elec, Dex+4}
                  | (Okawaru gifted it to you on level 15 of the Dungeon)
 17141 | D:15     | Received a gift from Okawaru
 17844 | Lair:1   | Entered Level 1 of the Lair of Beasts
 18181 | Lair:1   | Noticed Harold
 18204 | Lair:1   | Killed Harold
 19128 | Lair:2   | Reached skill level 10 in Armour
 19164 | Lair:2   | Received a gift from Okawaru
 19165 | Lair:2   | Reached XP level 15. HP: 67/130 MP: 18/18
 19483 | Lair:2   | Found a staircase to the Snake Pit.
 19608 | Lair:2   | Noticed Gastronok
 19624 | Lair:2   | Killed Gastronok
 20081 | Lair:2   | Found a stormy altar of Qazlal.
 20371 | Lair:3   | Found a stormy altar of Qazlal.
 20533 | Lair:3   | Received a gift from Okawaru
 21229 | Lair:4   | Found a staircase to the Swamp.
 21296 | Lair:4   | Found a dark tunnel.
 21309 | Volcano  | Entered a volcano
 23230 | Lair:5   | Found a staircase to the Slime Pits.
 23927 | Lair:6   | Entered Level 6 of the Lair of Beasts
 24309 | Lair:6   | Received a gift from Okawaru
 24527 | Lair:6   | Noticed Kirke
 24547 | Lair:6   | Killed Kirke
 24548 | Lair:6   | Reached XP level 16. HP: 139/139 MP: 21/21
 24732 | Lair:6   | Received a gift from Okawaru
 24988 | Lair:6   | Found a burning altar of Makhleb.
 25094 | Lair:6   | Found a gateway to Hell.
 25578 | Snake:1  | Entered Level 1 of the Snake Pit
 26011 | Snake:1  | Received a gift from Okawaru
 26176 | Snake:1  | Reached skill level 10 in Invocations
 26577 | Snake:2  | Noticed Mlioglotl
 26620 | Snake:1  | Killed Mlioglotl
 28297 | Orc:1    | Entered Level 1 of the Orcish Mines
 28470 | Orc:1    | Noticed Fannar
 28491 | Orc:1    | Killed Fannar
 28601 | Orc:1    | Found Ikibrim's Weapon Shop.
 28897 | Orc:2    | Entered Level 2 of the Orcish Mines
 29091 | Orc:2    | Found a staircase to the Elven Halls.
 29096 | Orc:2    | Paralysed by an orc sorcerer for 2 turns
 29123 | Orc:2    | Noticed Josephine
 29138 | Orc:2    | Killed Josephine
 29182 | Orc:2    | Identified the +8 crystal plate armour of Untold Secrets
                  | {Slay+3} (Okawaru gifted it to you on level 2 of the Orcish
                  | Mines)
 29182 | Orc:2    | Received a gift from Okawaru
 29886 | Orc:2    | Found Ybleuh's Weapon Boutique.
 29896 | Orc:2    | Reached XP level 17. HP: 139/150 MP: 24/24
 29928 | Orc:2    | Found Tizugaus's Distillery.
 29930 | Orc:2    | Found Xoereg's Distillery.
 29937 | Orc:2    | Paralysed by an ogre mage for 7 turns
 30015 | Orc:2    | Found Cycliqo's Antique Weapon Shop.
 30019 | Orc:2    | Reached XP level 18. HP: 157/157 MP: 25/25
 30453 | Swamp:1  | Entered Level 1 of the Swamp
 30456 | Swamp:1  | Found a one-way gate to the infinite horrors of the Abyss.
 30460 | Swamp:1  | Found a corrupted altar of Lugonu.
 31610 | D:8      | Bought a scroll of acquirement for 572 gold pieces
 31610 | D:8      | Acquired a +0 kite shield of reflection
 32051 | Swamp:2  | Identified Roxanne's Compendium of Changing
 32051 | Swamp:2  | Noticed Roxanne
 33026 | Swamp:2  | Killed Roxanne
 33027 | Swamp:2  | Reached skill level 1 in Shields
 34686 | Swamp:4  | Entered Level 4 of the Swamp
 34948 | Swamp:4  | Received a gift from Okawaru
 35133 | Swamp:4  | Found a runed translucent gate.
 35134 | Swamp:4  | Found a runed translucent gate.
 35135 | Swamp:4  | Found a runed translucent gate.
 36156 | Swamp:4  | Identified the +4 great sword "Kibelinemu" {holy, Will+
                  | Str+9}
 37007 | Swamp:4  | Noticed Zenkrye's ghost (adept HOFi)
 37008 | Swamp:4  | Noticed ooooo's ghost (adept OpCj)
 37024 | Swamp:4  | Identified the ring "Waihol" {rC+ Int+4 Dex+2}
 37064 | Swamp:4  | Killed by an exploding bloated husk

Illustrated notes

Levels and vault maps discovered:
D:1:      zelgadis_glass_arrival_small, layout_loops_ring
D:2:      layout_loops_ring, nicolae_ecumenical_snake_handling
D:3:      layout_rooms, minmay_joined_circles
D:4:      layout_loops_ring, nicolae_overflow_hidden_temple, uniq_blork_the_orc
D:5:      layout_rooms, nemelex_diamond_rough_becter, serial_undead,
          serial_undead_a, serial_undead_f, serial_undead_a, serial_undead_f,
          minmay_misc_feat_hallway, uniq_duvessa, uniq_prince_ribbit1
D:6:      minmay_flawed_box, layout_rooms, minmay_temple_entry_enclosed_plants,
          uniq_maggie
D:7:      layout_loops_cross, serial_shops, nicolae_shop_hallway_plus,
          minmay_fire_ice_demons
D:8:      layout_rooms, overflow_temple_1_default, lair_entry_dummy,
          serial_shops, shop
D:9:      layout_cave_pools, david_orc_3, gammafunk_ghost_hydra_chop
D:10:     layout_stronghold, minmay_misc_feat_square
D:11:     layout_roguey, serial_aquarium, aquarium_bridge_square
          [aquarium_subvault_window, aquarium_subvault_window,
          aquarium_subvault_bridge, aquarium_subvault_wall],
          aquarium_bridge_straight [aquarium_subvault_bridge,
          aquarium_subvault_window, aquarium_subvault_bridge,
          aquarium_subvault_window], aquarium_window_1, aquarium_window_fake,
          aquarium_window_fake, aquarium_view_2f, aquarium_view_2d,
          aquarium_pool_1, gauntlet_entry_generic
D:12:     layout_irregular_city, uniq_erolcha
D:13:     layout_gridville
D:14:     minmay_guarded_unrand_sword_of_power, layout_loops_corners,
          david_vaults_1, uniq_jorgrun, uniq_snorg
D:15:     hangedman_depths_entry_civil_slaughter, layout_basic
Temple:   mainiacjoe_temple_bowtie_tessellation
Lair:1:   layout_hall_layers, uniq_harold
Lair:2:   layout_loops_ring, minmay_snake_entry_six_corridors, basic_altar,
          nicolae_lair_grazing_beasts [nicolae_sub_lair_graze_edge,
          nicolae_sub_lair_graze_edge, nicolae_sub_lair_graze_edge,
          nicolae_sub_lair_graze_edge], uniq_gastronok
Lair:3:   layout_regular_city, basic_altar, serial_bayou_pond_a,
          beast_lair_carwin_5, grunt_megastairs_2, serial_bayou_shore_a,
          serial_bayou_shore_b
Lair:4:   layout_cave_shapes, minmay_swamp_entry_eels, enter_volcano_2,
          serial_bayou_lake_a
Lair:5:   layout_roguey, slime_dummy, st_stairs_12,
          nicolae_quartered_pool_medium, beast_lair_carwin_1
Lair:6:   evil_forest, layout_hall_layers, grunt_megastairs_5, uniq_kirke
Swamp:1:  layout_falls_marsh, evilmike_swamp_ruin_rubble_1, swamp_pool1,
          amcnicky_altar_lugonu_corruption
Swamp:2:  layout_falls_marsh, nicolae_swamp_ascending_descending_big,
          swamp_pool2, infiniplex_staircase_pool_2, uniq_roxanne
Swamp:3:  layout_basic_swamp, serial_swamp_ruin, evilmike_swamp_ruin_house_3,
          evilmike_swamp_ruin_rubble_2, nzn_swamp_blast_mining,
          infiniplex_staircase_pool
Swamp:4:  swamp_pestilence, layout_basic_swamp, gammafunk_ghost_cemetery
Snake:1:  layout_grid_shapes, nicolae_snake_snake_lake
Snake:2:  layout_onion_interference, nicolae_snake_magic_snake_eye,
          uniq_mlioglotl
Orc:1:    layout_caves, serial_shops, nicolae_shop_bloodbath_and_beyond,
          abandoned_shop, uniq_fannar
Orc:2:    st_orc_open, layout_caves, uniq_josephine

Skill      XL: |  1  2  3  4  5  6  7  8  9 10 11 12 13 14 15 16 17 18 |
---------------+-------------------------------------------------------+-----
Dodging        | 3 4 5 6 7 8 9 10 11 12 | 12.2
Armour         | 1 2 3 4 5 6 7 8 10 11 12 13 14 | 14.9
Unarmed Combat | 4 |  4.2
Fighting       | 4 5 6 7 8 9 10 11 12 13 14 | 14.1
Short Blades   | 1 2 3 4 6 7 9 10 11 12 | 12.8
Stealth        | 3 4 6 8 10 11 13 14 | 14.6
Invocations    | 2 6 9 10 11 | 11.8
Shields        | 3 |  3.4

Action                   |  1- 3 |  4- 6 |  7- 9 | 10-12 | 13-15 | 16-18 || total
-------------------------+-------+-------+-------+-------+-------+-------++-------
Melee: Unarmed           |   102 |    40 |       |       |       |       ||   142
       Punch             |     1 |     1 |       |       |       |       ||     2
       Pair of quick bla |       |    90 |   252 |   493 |  1695 |  1697 ||  4227
Invok: Heroism           |       |       |     1 |     2 |     8 |     9 ||    20
       Finesse           |       |       |       |       |       |     5 ||     5
  Use: Scroll            |       |       |    13 |     3 |     3 |    20 ||    39
       Potion            |       |       |       |       |       |     8 ||     8
 Stab: Sleeping          |       |    11 |    10 |    15 |     1 |       ||    37
Armor: Robe              |    27 |    42 |    30 |       |       |       ||    99
       Acid dragon scale |       |       |    73 |   111 |    42 |       ||   226
       Crystal plate arm |       |       |       |       |   738 |  1127 ||  1865
       Chain mail        |       |       |       |       |     6 |       ||     6
Dodge: Dodged            |    79 |    66 |    83 |   141 |   265 |   374 ||  1008
